 Dungeon Crawl Stone Soup version 0.30-b1-2-g02819fbbbe (webtiles) character file.

Game seed: 10048286707999953367

136 Metae the Shield-Bearer (level 4, -3/41 HPs)
             Began as a Minotaur Fighter on June 21, 2023.
             Killed by divine providence
             ... invoked by an orc priest
              (7 damage)
             ... on level 4 of the Dungeon.
             The game lasted 00:05:17 (2802 turns).

Metae the Shield-Bearer (Minotaur Fighter)          Turns: 2802, Time: 00:05:17

Health: -3/41      AC: 13    Str: 23    XL:     4   Next: 98%
Magic:  3/3        EV:  6    Int:  5    God:
Gold:   122        SH:  4    Dex:  9    Spells: 3/3 levels left

rFire   . . .        a - +0 flail
rCold   . . .        c - +0 buckler
rNeg    . . .        h - +0 plate armour
rPois   .            (helmet restricted)
rElec   .            n - +0 cloak
rCorr   .            (no gloves)
SInv    .            (no boots)
Will    .....        (no amulet) Stlth
                     (no ring)
HPRegen 0.26/turn    (no ring)
MPRegen 0.08/turn

%: no passive effects
@: no status effects
A: horns 2, retaliatory headbutt
a: no special abilities


You were on level 4 of the Dungeon.
You visited 1 branch of the dungeon, and saw 4 of its levels.

You collected 122 gold pieces.

Inventory:

Hand Weapons
 a - a +0 flail (weapon)
Missiles
 i - 6 boomerangs (quivered)
 r - 4 poisoned darts
 v - 11 stones
Armour
 b - a +0 scale mail
 c - a +0 buckler (worn)
 h - a +0 plate armour (worn)
 n - a +0 cloak (worn)
Scrolls
 e - 3 scrolls of teleportation {unknown}
 f - 6 scrolls of identify {unknown}
 g - 2 scrolls of blinking {unknown}
 k - a scroll of magic mapping {unknown}
 p - a scroll of immolation {unknown}
Potions
 d - a potion of might
 j - 2 potions of mutation {unknown}
 l - a potion of degeneration {unknown}
 m - 2 potions of cancellation {unknown}
 o - a potion of curing {unknown}
 q - a potion of haste
 s - a potion of invisibility {unknown}
 t - 2 potions of lignification {unknown}
 u - a potion of ambrosia {unknown}
 w - 2 potions of brilliance {unknown}
 x - 2 potions of heal wounds {unknown}


   Skills:
 + Level 4.6 Fighting
 + Level 3.7 Maces & Flails
 + Level 4.6 Armour
 + Level 4.7 Shields


You had 3 spell levels left.
You didn't know any spells.
Your spell library contained the following spells:

 Spells                   Type           Power      Damage    Failure   Level
 Sublimation of Blood     Necr           0%         N/A       100%        2
 Leda's Liquefaction      Hex/Erth       0%         N/A       100%        4
 Petrify                  Tmut/Erth      0%         N/A       100%        4
 Irradiate                Conj/Tmut      0%         3d11      100%        5
 Lee's Rapid Deconstruct  Erth           0%         3d4*      100%        5
 Statue Form              Tmut/Erth      0%         N/A       100%        6


Dungeon Overview and Level Annotations

Branches:
Dungeon (4/15)
 Temple: D:4-7

Altars:
Ashenzari
The Shining One

Shops:
D:1 [


Innate Abilities, Weirdness & Mutations

You have a pair of horns on your head.
You reflexively headbutt those who attack you in melee.


Message History

An endoplasm is nearby!
The endoplasm quivers.
Found a broken altar of Ashenzari.
The endoplasm hits you but does no damage.
You hit the endoplasm.
The endoplasm is severely wounded.
The endoplasm hits you. The endoplasm freezes you.
You are frozen.
You barely miss the endoplasm.
The endoplasm is severely wounded.
The endoplasm hits you but does no damage.
You barely miss the endoplasm. You headbutt the endoplasm.
You kill the endoplasm!
No target in view!
An orc priest comes into view. It is wielding a +0 dagger.
The orc priest shouts!
You hear a shout! x2
No target in view!
No target in view!
No target in view!
No target in view!
An orc priest is nearby!
The orc priest calls down the wrath of Beogh upon you.
Beogh smites you!
An orc comes into view. It is wielding a +0 club.
The orc shouts!
The orc priest calls down the wrath of Beogh upon you.
Beogh smites you!
An orc comes into view. It is wielding a +0 hand axe.
You hear a shout!
You are too injured to fight recklessly!
You are too injured to fight recklessly!
The orc drinks a potion.
The orc seems to speed up.
Unknown command.
The orc priest mumbles some strange prayers to Beogh against you.
Beogh smites you!
* * * LOW HITPOINT WARNING * * *
The orc priest invokes the aid of Beogh against you.
Beogh smites you!
You die...

#.....####o... #.......o...
##..#.##..... ### ##...### ...
#.# ##...oo# . ..##
####......## ...###.#........#
................### ..
##............#.@.##...# ....
##.#.#.#.#..##....##..###....
#########..###...##......##.###
#........##......##.#..
##...#..........###....
#...###.........##.....
#...##...........#.....
##..###.#...........<.. ##
#####........)...


You could see an orc priest and an orc (fast).

Vanquished Creatures
  A howler monkey (D:4)
  3 adders
  3 worms
  A dart slug (D:3)
  2 orcs (D:4)
  8 endoplasms
  3 giant cockroaches
  5 goblins
  3 hobgoblins
  4 jackals (D:2)
  A quokka (D:1)
  3 ball pythons
  10 bats
  A frilled lizard (D:1)
  2 kobolds (D:1)
  5 rats
55 creatures vanquished.

Notes
Turn   | Place    | Note
-------+----------+-------------------------------------------
     0 | D:1      | Metae the Minotaur Fighter began the quest for the Orb.
     0 | D:1      | Reached XP level 1. HP: 19/19 MP: 0/0
   176 | D:1      | Found Qouri's Armour Emporium.
   191 | D:1      | Reached XP level 2. HP: 9/27 MP: 1/1
  1225 | D:2      | Reached XP level 3. HP: 32/33 MP: 2/2
  2102 | D:3      | Reached XP level 4. HP: 34/40 MP: 3/3
  2168 | D:3      | Found a faded altar of an unknown god.
  2537 | D:3      | Found a glowing golden altar of the Shining One.
  2779 | D:4      | Found a broken altar of Ashenzari.
  2802 | D:4      | Killed from afar by an orc priest

Illustrated notes

Levels and vault maps discovered:
D:1:      pf_arrival_petrified_forest, layout_basic, serial_shops,
          nicolae_shop_crystal, amcnicky_mini_rare_corridor_liquid,
          patterned_corridor
D:2:      layout_loops_corners, serial_bayou_crossing
D:3:      layout_basic, tso_altar, hellmonk_ecumenical_altar_leap_of_faith,
          fountainhead
D:4:      layout_cave_pools, amcnicky_altar_gilded, ashenzari_altar_1,
          minivault_25

Skill      XL: |  1  2 |
---------------+-------+-----
Shields        | 4 |  4.7
Armour         | 4 |  4.6
Fighting       | 4 |  4.6
Maces & Flails | 3 |  3.7

Action                     |  1- 3 |  4- 6 || total
---------------------------+-------+-------++-------
  Melee: Flail             |   110 |    36 ||   146
         Headbutt          |    15 |     8 ||    23
 Armour: Scale mail        |    23 |       ||    23
         Plate armour      |    53 |    18 ||    71
  Dodge: Dodged            |    31 |    10 ||    41
  Block: Buckler           |    23 |     6 ||    29
